 Dungeon Crawl Stone Soup version 0.32-a0-900-g30fb1b0edc (webtiles) character file.

Game seed: 15888895371949273605

365647 shadizar the Eclecticist (level 23, -10/165 (169) HPs)
             Began as a Djinni Conjurer on Apr 4, 2024.
             Was the Champion of Makhleb.
             Killed from afar by an ancient lich (55 damage)
             ... with a crystal spear
             ... on level 5 of the Vaults on Apr 5, 2024.
             The game lasted 01:34:41 (43531 turns).

shadizar the Eclecticist (Djinni Conjurer)         Turns: 43531, Time: 01:34:41

HP:   -10/165 (169) AC: 31    Str: 11    XL:     23   Next: 95%
Gold: 4927          EV: 13    Int: 37    God:    Makhleb [******] SH: 26 Dex: 18

rFire   + + .        o - staff of conjuration
rCold   x . .        M - +5 tower shield {reflect}
rNeg    . . .        g - +2 storm dragon scales {Bai Suzhen}
rPois   ∞            O - +2 helmet {Int+3}
rElec   +            B - +2 cloak {rCorr}
rCorr   +            a - +2 pair of gloves {Dex+3}
SInv    .            (boots unavailable)
Will    ++...        W - amulet of regeneration Stlth
                     j - +6 ring of intelligence
HPRegen 1.27/turn    L - ring "Tydghepry" {EV+5 Str+5}

%: reflection, infuse magic (-11 HP)
@: flying, lightly drained
A: sickness immunity, fire resistance 2, cold vulnerability 1, float, innate
caster, HP casting, extra vitality 1
}: 1/15 runes: serpentine
a: Renounce Religion, Minor Destruction, Lesser Servant of Makhleb, Major
Destruction, Greater Servant of Makhleb


You were on level 5 of the Vaults.
You worshipped Makhleb.
Makhleb was exalted by your worship.
You visited 10 branches of the dungeon, and saw 37 of its levels.
You visited 1 bazaar.
You also visited: Sewer, Bailey, Ice Cave and Volcano.

You collected 5284 gold pieces.
You spent 357 gold pieces at shops.

Inventory:

Armour
 a - a +2 pair of gloves of dexterity (worn)
 g - +2 storm dragon scales (worn) {Bai Suzhen}
 t - the +1 buckler of the Moon {Regen+ Int+2}
   (You found it on level 14 of the Dungeon)

   Int+2:     It affects your intelligence (+2).
   Regen+:    It increases your rate of health regeneration.
 B - a +2 cloak of preservation (worn)
 M - a +5 tower shield of reflection (worn)
 O - a +2 helmet of intelligence (worn)
 T - the +0 robe of Purpose {Dex+5}
   (You found it on level 3 of the Lair of Beasts)

   Dex+5:     It affects your dexterity (+5).
Magical Staves
 o - a staff of conjuration (weapon)
 s - the staff "Roeq" {rElec rPois rC+ Ice}
   (You acquired it on level 14 of the Dungeon)

   [staff of cold]

   Base accuracy: +5 Base damage: 5 Base attack delay: 1.2 This weapon's minimum
   attack delay (0.6) is reached at skill level 12.
   rC+:       It protects you from cold.
   rElec:     It insulates you from electricity.
   rPois:     It protects you from poison.
   Ice:       It increases the power of your Ice spells.
   It falls into the 'Staves' category.
   It is a one-handed weapon.
 G - a staff of air
 H - a staff of cold
Jewellery
 e - a +4 ring of protection
 h - the ring "Uqeganle" {rN+ rCorr}
   (You took it off a naga on level 4 of the Snake Pit)

   [ring of positive energy]

   rN+:       It protects you from negative energy.
   rCorr:     It protects you from acid and corrosion.
 j - a +6 ring of intelligence (left hand)
 l - a ring of protection from fire
 v - a ring of ice
 x - a +5 ring of evasion
 L - the ring "Tydghepry" (right hand) {EV+5 Str+5}
   (You found it on level 2 of the Depths)

   [ring of evasion]

   EV+5:      It affects your evasion (+5).
   Str+5:     It affects your strength (+5).
 Q - a ring of protection from cold
 W - an amulet of regeneration (around neck)
Wands
 q - a wand of mindburst (38)
 r - a wand of digging (4)
 I - a wand of acid (12)
 R - a wand of flame (40)
 S - a wand of paralysis (28)
 V - a wand of iceblast (24)
 Z - a wand of polymorph (9)
Scrolls
 n - 3 scrolls of blinking
 p - a scroll of vulnerability
 w - a scroll of silence
 y - 13 scrolls of teleportation
 Y - 5 scrolls of revelation
Potions
 b - 5 potions of brilliance
 c - 6 potions of heal wounds
 d - 3 potions of ambrosia
 f - 5 potions of invisibility
 k - a potion of cancellation
 m - 17 potions of curing
 u - a potion of berserk rage
 z - 7 potions of haste
 A - 3 potions of resistance
 E - 3 potions of enlightenment
Miscellaneous
 N - a lightning rod (4/4)
 U - a phial of floods


   Skills:
 - Level 16.0 Fighting
 + Level 18.2 Armour
 + Level 13.3 Dodging
 - Level 5.0 Stealth
 + Level 17.8 Shields
 - Level 20.1 Spellcasting
 - Level 20.1 Conjurations
 - Level 20.1 Hexes
 - Level 20.1 Summonings
 - Level 20.1 Necromancy
 - Level 20.1 Translocations
 - Level 20.1 Fire Magic
 - Level 20.1 Ice Magic
 - Level 20.1 Air Magic
 - Level 20.1 Earth Magic
 - Level 20.1 Alchemy


You knew the following spells:

 Your Spells              Type           Power      Damage    Failure   Level
a - Magic Dart            Conj           100%       1d8       0%          1
b - Searing Ray           Conj           100%       2d8       0%          2
c - Fulminant Prism       Conj/Alch      67%        3d28      1%          4
d - Iskenderun's Mystic   Conj/Tloc      100%       2d19      (+2d11%     4
e - Summon Small Mammal   Summ           100%       N/A       0%          1
f - Ensorcelled Hibernat  Hex/Ice        100%       N/A       0%          2
g - Volatile Blastmotes   Fire/Tloc      100%       2d18      1%          3
h - Sigil of Binding      Hex            100%       N/A       1%          3
i - Animate Dead          Necr           100%       N/A       1%          4
j - Arcjolt               Conj/Air       67%        1d77      1%          5
k - Conjure Ball Lightni  Conj/Air       67%        3x3d25    1%          6
l - Gell's Gavotte        Tloc           55%        2d(36-54) 1%          6
m - Enfeeble              Hex            55%        N/A       7%          7
n - Orb of Destruction    Conj           67%        9d16      7%          7
o - Haunt                 Necr/Summ      55%        N/A       7%          7
Your spell library was empty.

Dungeon Overview and Level Annotations

Branches:
Dungeon (15/15)            Temple (1/1) D:6            Lair (5/5) D:8
 Shoals (1/4) Lair:2        Snake (4/4) Lair:2        Slime (1/5) Lair:4
    Orc (2/2) D:10            Elf (1/3) Orc:2        Vaults (5/5) D:14
  Crypt (0/3) Vaults:3     Depths (2/4) D:15          Sewer (visited)
 Bailey (visited)           IceCv (visited)         Volcano (visited)

Altars:
Ashenzari
Cheibriados
Dithmenos
Elyvilon
Fedhas
Gozag
Hepliaklqana
Makhleb
Nemelex Xobeh
Okawaru
Qazlal
Ru
Trog
Uskayaw
Wu Jian
Xom
Yredelemnul
Zin
The Shining One
Jiyva

Shops:
D:9 ?   Orc:2 (:?*   Shoals:1 ([:   Snake:1 *:   Vaults:1 =   Depths:1 :

Portals:
Hell: Depths:1 Depths:2
Pandemonium: Orc:2 Depths:2
Ziggurat: Depths:1
Trove: Depths:2 (show abyssal rune of Zot)

Annotations:
D:5 1 runed translucent door, Crazy Yiuf
Snake:3 1 runed translucent door, Neillu's ghost, adept CoAr
Vaults:1 2 transporters, Xoff's ghost, adept GnCj
Depths:2 2 transporters, Atuad's ghost, adept FoHu


Innate Abilities, Weirdness & Mutations

You are immune to sickness and miasma.
You are immune to poison.
Your flesh is very heat resistant. (rF++)
You are vulnerable to cold. (rC-)
You float through the air rather than walking.
You learn spells naturally, not from books.
Your magical power is your life essence.
You have superior vitality. (+4 MHP)


Message History

The mystic blast hits the orc!
You kill the orc!
Makhleb accepts your kill.
You feel better.
The mystic blast hits the orc!!
You kill the orc!
Makhleb accepts your kill.
You feel better.
The mystic blast hits the yaktaur captain!
The yaktaur captain is moderately wounded.
The yaktaur captain is knocked back by the mystic blast.
* * * LOW HITPOINT WARNING * * *
Unknown command.
Unknown command.
Unknown command.
Unknown command.
Unknown command.
Unknown command.
Unknown command.
Unknown command.
Unknown command.
Unknown command.
Unknown command.
Casting: Iskenderun's Mystic Blast (safe; 1% risk of failure)
Confirm with . or Enter, or press ? or * to list all spells.
You feel a surge of power!
You erupt in a blast of force!
The mystic blast hits the yaktaur captain!!
The yaktaur captain is severely wounded.
The yaktaur captain is knocked back by the mystic blast.
The yaktaur captain slams into the heavily etched metal wall.
The yaktaur captain is almost dead.
The mystic blast hits the ancient lich but does no damage.
The mystic blast hits something!
* * * LOW HITPOINT WARNING * * *
The yaktaur captain shoots a bolt.
You block the bolt with your +5 tower shield of reflection... and reflect it back!
The bolt barely misses the yaktaur captain.
You hear some strange, mumbled words.
A crystal spear appears from out of thin air!
The crystal spear hits you!!!
You die...

#############
#...c).......
#:..)C.).....
#)@#######..#
#[..L....# .
#...{....#
#######..# ..


You could see a titan, an ancient lich and a yaktaur captain.

Vanquished Creatures
  A dread lich (Depths:2)
  An ancient lich (Vaults:5)
  Nikola (Snake:2)
  A golden dragon (Vaults:5)
  Norris (Depths:1)
  2 tentacled monstrosities
  2 liches
  Jorgrun (Shoals:1)
  3 walking crystal tomes (Depths:2)
  A walking earthen tome (Depths:2)
  2 titans (Depths:2)
  3 acid blobs
  3 sphinxes
  Asterion (Snake:2)
  Kirke (Lair:4)
  Gastronok (D:8)
  Agnes (Snake:1)
  4 tengu reavers
  5 shadow dragons
  Aizul (Snake:1)
  3 storm dragons (Vaults:5)
  10 nagarajas
  An azure jelly (Slime:1)
  4 fire giants
  15 vault wardens
  3 frost giants
  6 spectral caustic shrikes (Depths:1)
  An iron dragon (Depths:2)
  A juggernaut zombie (Depths:2)
  22 ironbound preservers
  Louise (Snake:3)
  2 spriggan defenders (Depths:2)
  7 ironbound thunderhulks
  9 stone giants
  5 vampire knights (Depths:2)
  A deep elf demonologist (Vaults:4)
  2 deep elf death magi
  A red draconian (Volcano)
  A deep elf annihilator (Vaults:4)
  5 dire elephants
  5 spark wasps (Depths:2)
  7 ettins
  Josephine (D:10)
  4 fire dragons
  11 yaktaur captains
  A crystal guardian (Vaults:1)
  A deep elf high priest (Vaults:5)
  2 jiangshi (Depths:2)
  4 salamander tyrants (Snake:4)
  6 great orbs of eyes
  An ice dragon (Depths:2)
  Erolcha (D:13)
  8 hydras
  30 vault guards
  4 catoblepae
  Erica (D:10)
  12 ironbound frosthearts
  16 anacondas
  2 ogre magi
  A peacekeeper (Vaults:1)
  8 boulder beetles
  11 centaur warriors
  A demonspawn (Orc:2)
  7 two-headed ogres
  2 death knights
  4 deep troll shamans
  7 orc high priests (Orc:2)
  10 deep troll earth magi
  13 death yaks
  A spriggan berserker (Depths:1)
  4 vampire magi
  6 tengu warriors
  17 naga warriors
  9 shock serpents
  12 naga sharpshooters
  Urug (D:10)
  6 skysharks
  A deep elf knight (Elf:1)
  9 skeletal warriors
  3 soul eaters (Depths:2)
  3 iron trolls
  8 mana vipers
  A glowing orange brain (Depths:2)
  6 salamander mystics
  2 sea snakes (Snake:1)
  12 arcanists
  A shadow demon (Depths:2)
  2 flayed ghosts (Depths:2)
  7 naga ritualists
  12 ironbound convokers
  76 deep trolls
  2 deep elf pyromancers
  A thermic dynamo (Elf:1)
  4 harpies (Shoals:1)
  6 orc knights
  2 necromancers (Depths:2)
  An obsidian bat (Orc:2)
  A deep elf zephyrmancer (Elf:1)
  4 orc sorcerers (Orc:2)
  3 phantasmal warriors
  3 cyclopes
  29 ugly things
  A wolf spider (Lair:5)
  27 salamanders
  Maurice (D:7)
  11 manticores
  A moth of wrath (shapeshifter) (Vaults:1)
  15 elephants
  A merfolk siren (Shoals:1)
  A meliai (shapeshifter) (D:14)
  An ice statue (IceCv)
  6 guardian serpents
  Joseph (D:8)
  4 kobold blastminers
  33 black mambas
  A rust devil (Orc:2)
  13 vault sentinels
  24 naga magi
  2 smoke demons
  2 molten gargoyles (Volcano)
  9 cane toads
  Jeremiah (D:8)
  3 freezing wraiths
  Maggie (D:8)
  2 unseen horrors (D:10)
  9 komodo dragons
  11 rime drakes
  An unseen horror (shapeshifter) (D:11)
  34 yaktaurs
  An ice devil (Orc:2)
  2 kobold demonologists
  2 red devils (Orc:2)
  8 trolls
  5 tengu conjurers
  7 merfolk
  A hornet (D:10)
  5 polar bears
  Grinder (D:5)
  2 wind drakes (Shoals:1)
  A wind drake (shapeshifter) (D:14)
  8 dream sheep
  12 blink frogs
  38 slime creatures
  A snapping turtle (Shoals:1)
  Sigmund (D:2)
  13 wraiths
  6 wyverns
  4 basilisks
  2 vampires
  5 water elementals (Depths:1)
  4 fire bats
  46 yaks
  4 hogs (Lair:4)
  A human (shapeshifter) (D:15)
  2 steam dragons
  3 vampire mosquitoes
  A warg (Orc:1)
  A chaos spawn (Orc:2)
  72 nagas
  A swamp worm (shapeshifter) (Vaults:5)
  An acid dragon (D:12)
  14 water moccasins
  34 orc warriors
  4 laughing skulls (D:14)
  A black bear (D:4)
  8 ogres
  13 wolves
  17 centaurs
  8 kobold brigands
  8 bullfrogs
  A gnoll sergeant (D:10)
  2 scorpions (D:5)
  4 wights (D:8)
  5 killer bees (D:7)
  3 electric eels
  12 howler monkeys
  A bombardier beetle (D:3)
  4 lava snakes (Volcano)
  A gnoll bouda (D:5)
  20 orc priests
  2 jellies (D:6)
  4 hounds
  4 iguanas
  Ijyb (D:3)
  Terence (D:2)
  18 orc wizards
  Natasha (thrice) (D:3)
  8 gnolls
  9 adders
  2 river rats (Sewer)
  A shadow imp (D:7)
  2 dart slugs
  2 ribbon worms
  96 orcs
  14 ball pythons
  13 endoplasms
  4 giant cockroaches
  11 goblins
  15 hobgoblins
  15 jackals
  35 kobolds
  3 quokkas
  5 bats
  6 frilled lizards
  33 rats
  A butterfly (Lair:3)
  2 fulminant prisms
1519 creatures vanquished.

Vanquished Creatures (collateral kills)
  A vault warden (Vaults:4)
  A vault guard (Vaults:4)
  A deep troll (Vaults:4)
  2 vault sentinels (Vaults:4)
5 creatures vanquished.

Vanquished Creatures (others)
  Bai Suzhen (Vaults:2)
  An anaconda (Snake:2)
  A water elemental (Elf:1)
  An orc (D:8)
  9 ball lightnings
  158 fulminant prisms
171 creatures vanquished.

Grand Total: 1695 creatures vanquished

Notes
Turn   | Place    | Note
-------+----------+-------------------------------------------
     0 | D:1      | shadizar the Djinni Conjurer began the quest for the Orb.
     0 | D:1      | shadizar set off with the following spells memorised: Magic
                  | Dart, Searing Ray, Fulminant Prism, Iskenderun's Mystic
                  | Blast.
     0 | D:1      | Reached XP level 1. HP: 15/15 MP: 0/0
   141 | D:1      | Reached XP level 2. HP: 21/21 MP: 0/0
   498 | D:1      | Reached XP level 3. HP: 25/25 MP: 0/0
   498 | D:1      | Learned a level 1 spell: Summon Small Mammal
  1112 | D:2      | Reached XP level 4. HP: 29/31 MP: 0/0
  1143 | D:2      | Found a faded altar of an unknown god.
  1151 | D:2      | Noticed Terence
  1155 | D:2      | Killed Terence
  1202 | D:2      | Noticed Sigmund
  1207 | D:2      | Killed Sigmund
  1208 | D:2      | Reached skill level 5 in Spellcasting
  1208 | D:2      | Reached skill level 5 in Conjurations
  1208 | D:2      | Reached skill level 5 in Hexes
  1208 | D:2      | Reached skill level 5 in Summonings
  1208 | D:2      | Reached skill level 5 in Necromancy
  1208 | D:2      | Reached skill level 5 in Translocations
  1208 | D:2      | Reached skill level 5 in Fire Magic
  1208 | D:2      | Reached skill level 5 in Ice Magic
  1208 | D:2      | Reached skill level 5 in Air Magic
  1208 | D:2      | Reached skill level 5 in Earth Magic
  1208 | D:2      | Reached skill level 5 in Alchemy
  1208 | D:2      | Reached XP level 5. HP: 30/35 MP: 0/0
  1208 | D:2      | Learned a level 2 spell: Ensorcelled Hibernation
  1208 | D:2      | Reached XP level 6. HP: 34/40 MP: 0/0
  1309 | D:2      | Found a sparkling altar of Nemelex Xobeh.
  1615 | D:3      | Noticed Natasha
  1621 | D:3      | Killed Natasha
  1658 | D:3      | Noticed Natasha
  1663 | D:3      | Killed Natasha
  2093 | D:3      | Noticed Natasha
  2098 | D:3      | Killed Natasha
  2099 | D:3      | Reached XP level 7. HP: 39/45 MP: 0/0
  2099 | D:3      | Learned a level 3 spell: Volatile Blastmotes
  2187 | D:3      | Found a sparkling altar of Nemelex Xobeh.
  2187 | D:3      | Found a basalt altar of Yredelemnul.
  2301 | D:3      | Noticed Ijyb
  2312 | D:3      | Killed Ijyb
  2756 | D:4      | Found a glowing drain.
  2770 | D:4      | Identified the +4 war axe of Jusch {protect, rPois rF+}
  2793 | Sewer    | Entered a sewer
  3396 | Sewer    | Reached XP level 8. HP: 35/50 MP: 0/0
  3936 | D:4      | Found a snail-covered altar of Cheibriados.
  4067 | D:4      | Reached skill level 1 in Fighting
  4067 | D:4      | Reached skill level 1 in Armour
  4067 | D:4      | Reached skill level 1 in Shields
  4324 | D:4      | Found an ornate altar of the Wu Jian Council.
  4336 | D:4      | Found a blossoming altar of Fedhas.
  4549 | D:5      | Entered Level 5 of the Dungeon
  5044 | D:5      | Noticed Grinder
  5051 | D:5      | Paralysed by Grinder for 4 turns
  5056 | D:5      | Paralysed by Grinder for 3 turns
  5058 | D:5      | Killed Grinder
  5059 | D:5      | Reached XP level 9. HP: 33/59 MP: 0/0
  5059 | D:5      | Learned a level 3 spell: Sigil of Binding
  5242 | D:5      | Found a runed translucent door.
  5243 | D:5      | Noticed Crazy Yiuf
  6526 | D:6      | Found a staircase to the Ecumenical Temple.
  6938 | D:7      | Reached skill level 5 in Dodging
  7625 | D:7      | Noticed Maurice
  7631 | D:7      | Killed Maurice
  7632 | D:7      | Reached XP level 10. HP: 51/69 MP: 0/0
  7848 | Temple   | Entered the Ecumenical Temple
  7860 | Temple   | Became a worshipper of Makhleb the Destroyer
  8030 | D:8      | Identified the +0 ring mail of the Dolphin {Regen+ Str-4
                  | Dex+5}
  8045 | D:8      | Noticed Joseph
  8061 | D:8      | Killed Joseph
  8062 | D:8      | Reached skill level 5 in Fighting
  8062 | D:8      | Reached skill level 5 in Armour
  8062 | D:8      | Reached skill level 5 in Shields
  8065 | D:8      | Noticed Gastronok
  8570 | D:8      | Killed Gastronok
  8975 | D:8      | Noticed Jeremiah
  8989 | D:8      | Killed Jeremiah
  9163 | D:8      | Noticed Maggie
  9169 | D:8      | Killed Maggie
  9367 | D:8      | Found a staircase to the Lair.
  9382 | D:8      | Reached XP level 11. HP: 61/76 MP: 0/0
  9382 | D:8      | Learned a level 4 spell: Animate Dead
  9842 | D:9      | Found Kienaohae's Magic Scroll Shoppe.
  9878 | D:9      | Noticed a two-headed ogre
  9888 | D:9      | Reached * piety under Makhleb
  9902 | D:9      | Killed a two-headed ogre
 10100 | D:9      | Found a flagged portal.
 10162 | Bailey   | Entered a bailey
 10304 | Bailey   | Noticed an orc knight
 10411 | Bailey   | Killed an orc knight
 10604 | Bailey   | Found a large runed translucent door.
 10604 | Bailey   | Found a large runed translucent door.
 10606 | Bailey   | Noticed a deep elf pyromancer
 10694 | Bailey   | Killed a deep elf pyromancer
 11344 | D:10     | Entered Level 10 of the Dungeon
 11392 | Lair:1   | Entered Level 1 of the Lair of Beasts
 11563 | Lair:1   | Reached ** piety under Makhleb
 11626 | Lair:1   | Reached XP level 12. HP: 61/86 MP: 0/0
 11636 | Lair:1   | Found a dark tunnel.
 11791 | Volcano  | Entered a volcano
 12257 | Volcano  | Found a burning altar of Makhleb.
 12257 | Volcano  | Noticed a salamander mystic
 12263 | Volcano  | Killed a salamander mystic
 12263 | Volcano  | Noticed a red draconian
 12271 | Volcano  | Killed a red draconian
 13295 | Lair:2   | Found a frozen archway.
 13315 | IceCv    | Entered an ice cave
 13332 | IceCv    | Reached skill level 10 in Spellcasting
 13332 | IceCv    | Reached skill level 10 in Conjurations
 13332 | IceCv    | Reached skill level 10 in Hexes
 13332 | IceCv    | Reached skill level 10 in Summonings
 13332 | IceCv    | Reached skill level 10 in Necromancy
 13332 | IceCv    | Reached skill level 10 in Translocations
 13332 | IceCv    | Reached skill level 10 in Fire Magic
 13332 | IceCv    | Reached skill level 10 in Ice Magic
 13332 | IceCv    | Reached skill level 10 in Air Magic
 13332 | IceCv    | Reached skill level 10 in Earth Magic
 13332 | IceCv    | Reached skill level 10 in Alchemy
 13339 | IceCv    | Noticed a death yak
 13341 | IceCv    | Reached *** piety under Makhleb
 13348 | IceCv    | Killed a death yak
 13349 | IceCv    | Reached skill level 5 in Stealth
 13378 | IceCv    | Reached XP level 13. HP: 48/94 MP: 0/0
 13378 | IceCv    | Learned a level 5 spell: Arcjolt
 13649 | IceCv    | Noticed a frost giant
 13684 | IceCv    | HP: 4/95 [frost giant/bolt of cold (73)]
 13687 | IceCv    | Killed a frost giant
 13692 | IceCv    | Reached skill level 10 in Fighting
 14378 | Lair:2   | Identified the +2 hand axe "Amerit" {distort, Str+3}
 14836 | Lair:2   | Found a staircase to the Snake Pit.
 15172 | Lair:2   | Found a staircase to the Shoals.
 15287 | Lair:2   | Reached **** piety under Makhleb
 15374 | Lair:3   | Noticed a four-headed hydra
 15375 | Lair:3   | Noticed a seven-headed hydra
 15380 | Lair:3   | Killed a seven-headed hydra
 15381 | Lair:3   | Killed a four-headed hydra
 15382 | Lair:3   | Reached XP level 14. HP: 91/103 MP: 0/0
 15578 | Lair:3   | Identified the +0 robe of Purpose {Dex+5}
 16804 | Lair:4   | Noticed Kirke
 16885 | Lair:4   | Killed Kirke
 17361 | Lair:4   | Reached ***** piety under Makhleb
 17535 | Lair:4   | Found a runed translucent door.
 17535 | Lair:4   | Found a viscous altar of Jiyva.
 17535 | Lair:4   | Noticed an acid blob
 17536 | Lair:4   | Found a staircase to the Slime Pits.
 17817 | Lair:5   | Entered Level 5 of the Lair of Beasts
 18479 | Lair:5   | Reached XP level 15. HP: 97/113 MP: 0/0
 18479 | Lair:5   | Learned a level 6 spell: Conjure Ball Lightning
 19754 | D:10     | Noticed Urug
 19765 | D:10     | Killed Urug
 19812 | D:10     | Noticed Erica
 19816 | D:10     | Killed Erica
 20013 | D:10     | Noticed Josephine
 20023 | D:10     | Killed Josephine
 20326 | D:10     | Found a staircase to the Orcish Mines.
 20725 | Orc:1    | Entered Level 1 of the Orcish Mines
 20922 | Orc:1    | Reached ****** piety under Makhleb
 21150 | Orc:2    | Entered Level 2 of the Orcish Mines
 21279 | Orc:2    | Found a staircase to the Elven Halls.
 21377 | Orc:2    | Found Ilo Qeru's General Store.
 21408 | Orc:2    | Found Yget's Magic Scroll Boutique.
 21800 | Orc:2    | Reached XP level 16. HP: 121/121 MP: 0/0
 21866 | Orc:2    | Reached skill level 15 in Spellcasting
 21866 | Orc:2    | Reached skill level 15 in Conjurations
 21866 | Orc:2    | Reached skill level 15 in Hexes
 21866 | Orc:2    | Reached skill level 15 in Summonings
 21866 | Orc:2    | Reached skill level 15 in Necromancy
 21866 | Orc:2    | Reached skill level 15 in Translocations
 21866 | Orc:2    | Reached skill level 15 in Fire Magic
 21866 | Orc:2    | Reached skill level 15 in Ice Magic
 21866 | Orc:2    | Reached skill level 15 in Air Magic
 21866 | Orc:2    | Reached skill level 15 in Earth Magic
 21866 | Orc:2    | Reached skill level 15 in Alchemy
 21877 | Orc:2    | Found Muannen's Book Emporium.
 21877 | Orc:2    | Found Loot's Antique Weapon Shoppe.
 21883 | Orc:2    | Found a one-way gate leading to the halls of Pandemonium.
 22928 | D:12     | Reached skill level 10 in Shields
 23158 | D:12     | Identified the +0 robe "Xidel" {rElec rPois Str-3 Dex+5}
 23281 | D:12     | Identified the +0 mace of Pride {freeze, *Slow rC+ rN+
                  | Str+3}
 23808 | D:13     | Reached skill level 10 in Dodging
 23857 | D:13     | Noticed Erolcha
 23863 | D:13     | Killed Erolcha
 24142 | D:13     | Upgraded the game from 0.32-a0-898-g7811c86cf0 to
                  | 0.32-a0-900-g30fb1b0edc
 24424 | D:14     | Found a gate to the Vaults.
 24527 | D:14     | Identified the +1 buckler of the Moon {Regen+ Int+2}
 24572 | D:14     | Identified a scroll of acquirement
 24572 | D:14     | Acquired the staff "Roeq" {rElec rPois rC+ Ice}
 24625 | D:14     | Found an opulent altar of Gozag.
 25127 | Snake:1  | Entered Level 1 of the Snake Pit
 25127 | Snake:1  | Identified the serpent talisman of Faussax {rF+ rN+ Int+2}
 25127 | Snake:1  | Noticed Aizul
 25133 | Snake:1  | Killed Aizul
 25141 | Snake:1  | Reached XP level 17. HP: 81/128 MP: 0/0
 25141 | Snake:1  | Learned a level 6 spell: Gell's Gavotte
 25291 | Snake:1  | Identified the +8 long sword "Dusarhen" {heavy, rElec Int+6
                  | Stlth+}
 25399 | Snake:1  | Noticed Agnes
 25408 | Snake:1  | Killed Agnes
 25675 | Snake:1  | Found Benuxt's Book Shoppe.
 25675 | Snake:1  | Found Qenigru's Assorted Antiques.
 27374 | Snake:2  | Noticed Asterion
 27383 | Snake:2  | Killed Asterion
 27671 | Snake:2  | Noticed Nikola
 27698 | Snake:2  | Killed Nikola
 28080 | Snake:3  | Reached XP level 18. HP: 137/137 MP: 0/0
 28282 | Snake:3  | Found a runed translucent door.
 28292 | Snake:3  | Noticed Neillu's ghost (adept CoAr)
 28517 | Snake:3  | Noticed Louise
 28526 | Snake:3  | Killed Louise
 28548 | Snake:3  | Reached skill level 15 in Fighting
 29446 | Snake:4  | Entered Level 4 of the Snake Pit
 30192 | Snake:4  | Reached XP level 19. HP: 130/144 MP: 0/0
 30192 | Snake:4  | Learned a level 7 spell: Enfeeble
 30751 | Snake:4  | Identified the ring "Uqeganle" {rN+ rCorr}
 30810 | Snake:4  | Identified the +4 great mace "Gikud" {freeze, Int+3}
 31025 | Snake:4  | Got a serpentine rune of Zot
 31283 | Slime:1  | Entered Level 1 of the Pits of Slime
 31539 | Shoals:1 | Entered Level 1 of the Shoals
 31624 | Shoals:1 | Found Pir Weni's Book Shoppe.
 32086 | Shoals:1 | Found Ymnomybo's Armour Shoppe.
 32146 | Shoals:1 | Found Jafijitu's Antique Weapon Boutique.
 32175 | Shoals:1 | Noticed Jorgrun
 32187 | Shoals:1 | Killed Jorgrun
 32409 | Shoals:1 | Bought a +1 pair of gloves of dexterity for 247 gold pieces
 32898 | Elf:1    | Entered Level 1 of the Elven Halls
 33281 | Vaults:1 | Entered Level 1 of the Vaults
 33302 | Vaults:1 | Found Isimmoke's Jewellery Boutique.
 33338 | Vaults:1 | Reached skill level 10 in Armour
 33396 | Vaults:1 | Found a transporter.
 33396 | Vaults:1 | Noticed Xoff's ghost (adept GnCj)
 33416 | Vaults:1 | Noticed a lich
 33421 | Vaults:1 | Found a transporter.
 33903 | Vaults:1 | Reached XP level 20. HP: 121/151 MP: 0/0
 34478 | Vaults:1 | Noticed a dread lich
 34750 | Vaults:2 | Noticed Bai Suzhen
 34763 | Vaults:2 | HP: 4/151 [stone wall collision (11)]
 34828 | Vaults:2 | Killed Bai Suzhen
 35014 | Vaults:2 | Paralysed by a sphinx for 3 turns
 35023 | Vaults:2 | Paralysed by a sphinx for 4 turns
 36420 | Vaults:3 | Reached XP level 21. HP: 119/157 MP: 0/0
 36420 | Vaults:3 | Learned a level 7 spell: Orb of Destruction
 36461 | Vaults:3 | Reached skill level 15 in Armour
 37497 | Vaults:3 | Found a staircase to the Crypt.
 37497 | Vaults:3 | Found a basalt altar of Yredelemnul.
 37728 | D:15     | Entered Level 15 of the Dungeon
 38179 | D:15     | Found a staircase to the Depths.
 38471 | Depths:1 | Entered Level 1 of the Depths
 39017 | Depths:1 | Found a one-way gateway to a ziggurat.
 39065 | Depths:1 | Found a gateway to Hell.
 39098 | Depths:1 | Noticed Norris
 39111 | Depths:1 | Killed Norris
 39130 | Depths:1 | Found Kul Xev's Book Shoppe.
 39417 | Depths:1 | Found a hide-covered altar of Uskayaw.
 39533 | Depths:2 | Reached XP level 22. HP: 144/164 MP: 0/0
 39962 | Depths:2 | Noticed Atuad's ghost (adept FoHu)
 39982 | Depths:2 | Found a transporter.
 39986 | Depths:2 | Noticed a caustic shrike
 40007 | Depths:2 | Found a portal to a secret trove of treasure.
 40037 | Depths:2 | Found Xempis's Distillery.
 40087 | Depths:2 | Reached skill level 15 in Shields
 40093 | Depths:2 | Noticed a dread lich
 40103 | Depths:2 | Paralysed by a dread lich for 3 turns
 40108 | Depths:2 | Paralysed by a dread lich for 2 turns
 40114 | Depths:2 | Killed a dread lich
 40247 | Depths:2 | Found a transporter.
 40719 | Depths:2 | Identified the ring "Tydghepry" {EV+5 Str+5}
 41088 | Depths:2 | Identified the +3 spear of Red Wine {spect, rC++ rCorr
                  | Str-4 SInv}
 41210 | Depths:2 | Identified the +4 demon whip "Q" {elec, rC+ Will+ Int+2}
 41216 | Depths:2 | Identified the +0 leather armour of Dusyonn {+Inv Will+
                  | Str-2 Slay+6}
 41219 | Depths:2 | Identified the +3 plate armour "Put-Me-On" {rN+ rCorr Str+4
                  | Int-4}
 41475 | Vaults:4 | Found a flickering gateway to a bazaar.
 41494 | Bazaar   | Entered a bazaar
 41528 | Bazaar   | Found Gulikh's Assorted Antiques.
 41533 | Bazaar   | Bought a potion of heal wounds for 110 gold pieces
 41580 | Bazaar   | Found Ogiut's Book Emporium.
 41591 | Bazaar   | Found Luboul's Book Emporium.
 41618 | Bazaar   | Found Idas's Antique Armour Boutique.
 42489 | Vaults:4 | Found the +2 hood of the Assassin {Detect Stab+ Stlth++}
 42537 | Vaults:4 | Reached XP level 23. HP: 134/169 MP: 0/0
 42537 | Vaults:4 | Learned a level 7 spell: Haunt
 43397 | Vaults:5 | Entered Level 5 of the Vaults
 43443 | Vaults:5 | Identified the +5 quarterstaff "Nicroll" {freeze, Str+3
                  | Dex+3}
 43476 | Vaults:5 | Noticed an ancient lich
 43487 | Vaults:5 | Killed an ancient lich
 43487 | Vaults:5 | Noticed a golden dragon
 43499 | Vaults:5 | HP: 5/169 [golden dragon/bolt of cold (51)]
 43509 | Vaults:5 | Killed a golden dragon
 43528 | Vaults:5 | Noticed an ancient lich
 43528 | Vaults:5 | Noticed an ancient lich
 43531 | Vaults:5 | Killed from afar by an ancient lich

Illustrated notes

Levels and vault maps discovered:
D:1:      saegor_arrival_simple_e, layout_basic, minmay_pentomino_o2
D:2:      layout_basic, basic_altar,
          hellmonk_ecumenical_altar_pennies_from_heaven, hex_medium,
          uniq_terence, uniq_sigmund
D:3:      layout_loops_ring, gammafunk_temple_overflow_statue, uniq_natasha,
          uniq_ijyb
D:4:      layout_basic, mainiacjoe_overflow_tiny_flanked,
          nzn_wu_jian_council_hall, mainiacjoe_overflow_small_starburst,
          cheibrodos_sewer_entry_drain, hangedman_decor_opposing,
          kennysheep_cross_room
D:5:      layout_rooms, uniq_grinder, uniq_crazy_yiuf_cottage
D:6:      layout_loops_ring, minmay_temple_entry_from_below_b,
          corexii_hall_statues_x, minmay_hedge_maze
D:7:      corexii_shantytown, layout_rooms, uniq_maurice
D:8:      layout_cave_pods, dpeg_oklobed_lair, serial_bayou,
          serial_bayou_pond_e, serial_bayou_ford_a, serial_bayou_pond_a,
          serial_bayou_pond_d, chequers_serial_rivers_micro_b, uniq_maggie,
          uniq_jeremiah, uniq_gastronok, uniq_joseph
D:9:      layout_big_octagon, enter_bailey_6, serial_shops,
          nicolae_shop_tiny_real_fake_doors
D:10:     layout_grid_maze, kennysheep_orc_monster_closet_entryway, uniq_erica,
          uniq_josephine, uniq_urug
D:11:     layout_irregular_city
D:12:     layout_loops_ring
D:13:     layout_cave_pools, uniq_erolcha
D:14:     layout_rooms, david_vaults_5, dreamdust_mushroom_princess,
          nicolae_gozag_cash_rules_everything_around_me
D:15:     hangedman_depths_entry_try_elsewhere_first, layout_loops_ring,
          minmay_curled_crystal
Temple:   nicolae_temple_bog_church
Lair:1:   layout_regular_city, nicolae_volcano_entry_lava_flow
Lair:2:   layout_misc_corridors, mainiacjoe_shoals_entry_four_pools,
          minmay_snake_entry_guardpost_medium, portal_ice_cave_rime,
          lemuel_fruit_tree, serial_bayou_shore_b
Lair:3:   layout_layer_cave, grunt_megastairs_2, lemuel_fruit_fields
Lair:4:   layout_misc_corridors, slime_entry_2, grunt_megastairs_1, uniq_kirke
Lair:5:   evilmike_catoblepas_cave, layout_regular_city, minmay_shattered_shrine
Shoals:1: layout_shoals, serial_shops, nicolae_shop_statue_plus,
          nicolae_shop_mannequins, shop, uniq_jorgrun
Snake:1:  layout_grid_maze, st_stairs_7, guppyfry_snake_island,
          minmay_shoptagon, uniq_agnes, uniq_aizul
Snake:2:  layout_grid_maze, grunt_ministairs_8, uniq_nikola, uniq_asterion
Snake:3:  layout_chambers, ebering_ghost_inner_flame, serial_bayou_shore_b,
          nicolae_triple_integral, uniq_louise
Snake:4:  minmay_snake_end_coiled, layout_cave_town, nicolae_snake_storage_room
Slime:1:  layout_caves
Orc:1:    layout_caves
Orc:2:    pf_orc_diabolical, layout_caves
Elf:1:    layout_loops_corners, hangedman_corner_corridor,
          serial_library_regret_index_small_wings
Vaults:1: gammafunk_ghost_mausoleum, hangedman_vaults_variations,
          hangedman_vaults_corner, v_rooms_4, nicolae_vaults_enemy_cabinets,
          v_misc_18, nicolae_vaults_alarming, v_misc_11, ontoclasm_vaults_idyll,
          nicolae_vaults_variable_pillar_hall, layout_vaults_omnibox,
          serial_shops, shop
Vaults:2: nicolae_vaults_theta, v_misc_27, nicolae_vaults_little_squares_4,
          hangedman_vaults_trim, v_alt_pattern_2, vaults_standard_mumra_x,
          nicolae_vaults_heart-shaped_vault, vaults_dpeg_encased_lava,
          layout_vaults_omnigrid, uniq_bai_suzhen
Vaults:3: hangedman_vaults_hat, hangedman_vaults_cutoff,
          minmay_crypt_entry_necro_gods, vaults_room_pool,
          vaults_standard_mumra_enter_the_diamond,
          nicolae_vaults_border_crossing, nicolae_vaults_gold_heap,
          vaults_mumra_minichess, ontoclasm_vaults_decontamination,
          layout_vaults_chaotic_city, uniq_margery
Vaults:4: st_lines, nicolae_vaults_arrows, hangedman_vaults_impose,
          vaults_standard_mumra_lines, nicolae_vaults_oval_intersection,
          ontoclasm_vaults_loading_screen, nicolae_vaults_little_squares_3,
          v_misc_11, layout_vaults_omnicross, serial_shops, bzr_entry_dummy
Vaults:5
Depths:1: layout_cave_pools, enter_ziggurat_d, pf_hell_entry_tar_river,
          columned_hall_lemuel, serial_shops, nicolae_shop_behind_doors,
          hangedman_decor_lopped, dancing_weapons_uskayaw, serial_bayou_shore_b,
          uniq_norris
Depths:2: little_maze_vault, layout_cave_pools, grunt_pan_entry_in_and_out,
          gammafunk_ghost_berserking_beasts, pf_coc_iceberg,
          nicolae_trove_entry_free_sample, infiniplex_staircase_zigzag_4,
          serial_shops, nicolae_shop_rolling_square, special_room
          [special_room_morgue]

Skill      XL: |  1  2  3  4  5  6  7  8  9 10 11 12 13 14 15 16 17 18 19 20 21 22 23 |
---------------+----------------------------------------------------------------------+-----
Spellcasting   | 4 5 6 7 8 10 12 13 14 16 17 18 19 20 | 20.1
Conjurations   | 4 5 6 7 8 10 12 13 14 16 17 18 19 20 | 20.1
Hexes          | 4 5 6 7 8 10 12 13 14 16 17 18 19 20 | 20.1
Summonings     | 4 5 6 7 8 10 12 13 14 16 17 18 19 20 | 20.1
Necromancy     | 4 5 6 7 8 10 12 13 14 16 17 18 19 20 | 20.1
Translocations | 4 5 6 7 8 10 12 13 14 16 17 18 19 20 | 20.1
Fire Magic     | 4 5 6 7 8 10 12 13 14 16 17 18 19 20 | 20.1
Ice Magic      | 4 5 6 7 8 10 12 13 14 16 17 18 19 20 | 20.1
Air Magic      | 4 5 6 7 8 10 12 13 14 16 17 18 19 20 | 20.1
Earth Magic    | 4 5 6 7 8 10 12 13 14 16 17 18 19 20 | 20.1
Alchemy        | 4 5 6 7 8 10 12 13 14 16 17 18 19 20 | 20.1
Fighting       | 2 4 6 7 9 10 12 13 14 15 16 | 16.0
Armour         | 2 4 6 7 8 12 14 16 17 18 | 18.2
Shields        | 2 4 6 7 9 10 11 12 13 14 17 | 17.8
Dodging        | 4 5 7 8 9 10 11 12 13 | 13.3
Stealth        | 2 5 |  5.0

Action                     |  1- 3 |  4- 6 |  7- 9 | 10-12 | 13-15 | 16-18 | 19-21 | 22-24 || total
---------------------------+-------+-------+-------+-------+-------+-------+-------+-------++-------
  Melee: War axe           |       |       |    57 |       |       |       |       |       ||    57
         Staff             |       |       |       |       |     6 |     4 |     9 |     4 ||    23
   Cast: Magic Dart        |    70 |    82 |   267 |   166 |   442 |   584 |   568 |   125 ||  2304
         Searing Ray       |       |     3 |     4 |     4 |       |       |       |       ||    11
         Iskenderun's Myst |       |       |    78 |   125 |   295 |   418 |   677 |   282 ||  1875
         Fulminant Prism   |       |       |     3 |    43 |    38 |    52 |    23 |     1 ||   160
         Ensorcelled Hiber |       |       |       |     2 |       |       |       |       ||     2
         Arcjolt           |       |       |       |       |    61 |    24 |    24 |    54 ||   163
         Enfeeble          |       |       |       |       |       |       |     1 |       ||     1
         Conjure Ball Ligh |       |       |       |       |       |       |       |     3 ||     3
         Haunt             |       |       |       |       |       |       |       |     4 ||     4
    Use: Scroll            |       |       |     4 |    20 |     4 |     2 |     8 |     6 ||    44
         Potion            |       |       |     1 |       |     2 |       |     1 |     9 ||    13
 Armour: Robe              |     3 |     8 |    34 |    14 |       |   188 |   116 |       ||   363
         Steam dragon scal |       |       |       |    65 |    93 |    61 |       |       ||   219
         Storm dragon scal |       |       |       |       |       |       |   170 |   145 ||   315
  Dodge: Dodged            |     6 |     3 |    42 |    60 |    68 |   156 |    49 |    21 ||   405
  Block: Other             |       |       |       |     7 |    16 |       |       |       ||    23
         Reflection        |       |       |       |       |     1 |    12 |   100 |    15 ||   128
         Buckler           |       |       |       |       |    21 |       |       |       ||    21
         Kite shield       |       |       |       |       |     8 |   198 |       |       ||   206
         Tower shield      |       |       |       |       |       |    32 |   325 |   129 ||   486

Table legend: (Time is in decaauts)
 A = Elapsed time spent in this place.
 B = Non-inter-level travel time spent in this place.
 C = Inter-level travel time spent in this place.
 D = Time resting spent in this place.
 E = Time spent auto-exploring this place.
 F = Levels seen in this place.
 G = Mean time per level.
                   A        B        C        D        E       F      G
               +--------+--------+--------+--------+--------+-----+--------+
         Total |  43632 |  40917 |   2715 |    100 |  30371 |  42 | 1038.9 |
       Dungeon |  15363 |  14229 |   1134 |      0 |  11260 |  15 | 1024.2 |
        Temple |     20 |     20 |      0 |      0 |      0 |   1 |   20.0 |
          Lair |   6648 |   6189 |    459 |    100 |   4757 |   5 | 1329.6 |
        Shoals |   1190 |   1090 |    100 |      0 |    722 |   1 | 1190.0 |
     Snake Pit |   6100 |   5789 |    311 |      0 |   4250 |   4 | 1525.0 |
    Slime Pits |     53 |     53 |      0 |      0 |      0 |   1 |   53.0 |
  Orcish Mines |   1487 |   1399 |     88 |      0 |    947 |   2 |  743.5 |
   Elven Halls |    153 |    153 |      0 |      0 |     81 |   1 |  153.0 |
        Vaults |   6173 |   5753 |    420 |      0 |   3874 |   5 | 1234.6 |
        Depths |   2876 |   2676 |    200 |      0 |   1850 |   2 | 1438.0 |
        Bazaar |    154 |    154 |      0 |      0 |    118 |   1 |  154.0 |
         Sewer |    897 |    897 |      0 |      0 |    700 |   1 |  897.0 |
        Bailey |    615 |    615 |      0 |      0 |    332 |   1 |  615.0 |
      Ice Cave |   1051 |   1051 |      0 |      0 |    850 |   1 | 1051.0 |
       Volcano |    843 |    843 |      0 |      0 |    629 |   1 |  843.0 |
               +--------+--------+--------+--------+--------+-----+--------+

Top non-repeatable levels by time:
Depths:2: 1741 daAuts
Vaults:2: 1690 daAuts
  Lair:5: 1651 daAuts
Vaults:3: 1635 daAuts
 Snake:3: 1633 daAuts
     D:7: 1582 daAuts
 Snake:2: 1567 daAuts
 Snake:4: 1552 daAuts
     D:8: 1524 daAuts
  Lair:3: 1475 daAuts
Vaults:1: 1370 daAuts
Vaults:4: 1362 daAuts
 Snake:1: 1348 daAuts
    D:10: 1304 daAuts
     D:6: 1248 daAuts
